[Event "42nd Olympiad Baku 2016 Women"]
[Site "Baku"]
[Date "2016.09.08"]
[Round "6.18"]
[White "Gong, Qianyun"]
[Black "Ovezdurdiyeva, Jemal"]
[Result "1/2-1/2"]
[ECO "B53"]
[WhiteElo "2262"]
[BlackElo "2031"]
[Annotator ""]
[PlyCount "202"]
[EventDate "2016.??.??"]
[EventType "team-tourn"]
[EventCountry "AZE"]
[SourceTitle "playchess.com"]
[Source "ChessBase"]
[WhiteTeam "Singapore"]
[BlackTeam "Turkmenistan"]
[WhiteTeamCountry "SIN"]
[BlackTeamCountry "TKM"]
[TimeControl "40/5400+30:1800+30"]

1. e4 {(00:00} c5 {(00:00} 2. Nf3 {(00:00} d6 {(
00:00} 3. d4 {(00:00} cxd4 {(00:00} 4. Qxd4 {(00:00}
Nc6 {(00:00} 5. Bb5 {(00:00} a6 {(00:00} 6. Bxc6+ {
(00:30} bxc6 {(00:06} 7. e5 {(03:29} f6 {(00:08]
} 8. exd6 {(03:00} e5 {(00:13} 9. Qe4 {(05:35} Qxd6 {
(00:22} 10. Nc3 {(00:08} Ne7 {(01:58} 11. O-O {(
01:32} Nd5 {(06:32} 12. Bd2 {(03:43} Nxc3 {(17:19} 13.
Bxc3 {(00:12} Be6 {(00:27} 14. Rad1 {(01:02} Bd5 {
(02:27} 15. Qa4 {(00:54} Qc5 {(10:24} 16. Rfe1 {
(09:46} Be7 {(07:32} 17. Nd4 {(14:40} O-O {(10:
12} 18. Nf5 {(00:08} Rfb8 {(04:47} 19. Qg4 {(29:38}
Bf8 {(05:01} 20. a3 {(00:26} a5 {(07:18} 21. h4 {
(07:59} Kh8 {(02:58} 22. Ne3 {(00:28} Rd8 {(02:
38} 23. h5 {(00:34} Qe7 {(03:05} 24. Qa4 {(06:32} Qc7
{(02:26} 25. h6 {(01:25} gxh6 {(05:02} 26. Qh4 {
(00:52} Qg7 {(02:40} 27. Qh2 {(03:25} Bc5 {(03:
13} 28. Nxd5 {(05:16} cxd5 {(00:08} 29. Rxe5 {(00:44}
d4 {(03:57} 30. Rxc5 {(00:10} dxc3 {(00:05} 31. Rf1 {
(01:18} cxb2 {(00:12} 32. Rb5 {(00:36} f5 {(00:
24} 33. Qf4 {(00:23} Rac8 {(02:38} 34. Qxf5 {(00:05}
Rg8 {(00:08} 35. g3 {(01:44} h5 {(00:26} 36. Rb1 {
(00:31} h4 {(00:44} 37. Rb3 {(00:46} Rc3 {(00:
39} 38. Rxc3 {(00:34} Qxc3 {(00:02} 39. Qd3 {(00:03}
Qe5 {(01:32} 40. Kg2 {(00:00} hxg3 {(00:00} 41. fxg3 {
(04:00} h5 {(02:19} 42. Rh1 {(09:04} b1=Q {(01:
17} 43. Rxb1 {(00:05} h4 {(00:05} 44. Kh1 {(00:24} Qf6
{(19:22} 45. Qd5 {(03:59} Rg5 {(07:09} 46. Rb8+ {
(00:55} Kh7 {(00:44} 47. Qb7+ {(06:02} Kh6 {(01:
56} 48. Qb6 {(00:08} Qxb6 {(00:13} 49. Rxb6+ {(00:03}
Kh5 {(00:06} 50. gxh4 {(02:02} Kxh4 {(00:06} 51. Rd6 {
(02:22} Kg3 {(01:31} 52. Kg1 {(00:13} Kf3+ {(00:
10} 53. Kf1 {(00:02} Ke3 {(00:10} 54. Rd3+ {(00:08}
Ke4 {(00:07} 55. Ke2 {(00:12} Rg2+ {(00:22} 56. Kd1 {
(00:01} Rg1+ {(00:30} 57. Kd2 {(00:02} Ra1 {(00:
23} 58. Rh3 {(01:02} Kd4 {(01:03} 59. Rh4+ {(01:02}
Kc5 {(00:03} 60. a4 {(00:22} Ra3 {(01:48} 61. Kc1 {
(00:13} Rg3 {(02:12} 62. Kb2 {(00:02} Rf3 {(00:
13} 63. c3 {(00:41} Rf8 {(00:23} 64. Rh7 {(01:37} Kc4
{(01:05} 65. Rc7+ {(00:20} Kd3 {(00:04} 66. Rc5 {
(00:19} Rb8+ {(00:18} 67. Rb5 {(00:01} Rc8 {(00:
49} 68. Rd5+ {(00:10} Kc4 {(00:21} 69. Rxa5 {(00:46}
Rh8 {(00:50} 70. Ra7 {(01:07} Rh2+ {(00:26} 71. Ka3 {
(00:03} Kxc3 {(00:10} 72. Rc7+ {(00:04} Kd4 {(
00:12} 73. a5 {(00:25} Kd5 {(01:02} 74. Kb4 {(00:26}
Rb2+ {(00:15} 75. Ka4 {(00:01} Kd6 {(00:14} 76. Rc1 {
(00:04} Rb8 {(00:14} 77. a6 {(00:07} Rb2 {(00:
47} 78. Ka5 {(00:08} Ra2+ {(00:13} 79. Kb6 {(00:02}
Rb2+ {(00:07} 80. Ka7 {(00:11} Ra2 {(00:21} 81. Rb1 {
(04:58} Kc7 {(00:53} 82. Rb7+ {(00:09} Kc6 {(00:
43} 83. Rb6+ {(00:57} Kc7 {(00:44} 84. Rh6 {(00:03}
Ra1 {(01:12} 85. Rh7+ {(00:12} Kc6 {(00:11} 86. Rh4 {
(00:13} Kc7 {(00:15} 87. Rc4+ {(00:05} Kd6 {(00:
13} 88. Kb7 {(01:27} Rb1+ {(00:01} 89. Ka8 {(00:04}
Ra1 {(00:04} 90. a7 {(00:09} Rb1 {(00:08} 91. Rc8 {
(00:04} Ra1 {(01:53} 92. Rd8+ {(02:33} Kc7 {(00:
33} 93. Rh8 {(00:29} Re1 {(00:43} 94. Rh7+ {(00:12}
Kc6 {(00:14} 95. Rh8 {(01:23} Kc7 {(00:34} 96. Rb8 {
(00:12} Rg1 {(01:04} 97. Rb7+ {(00:24} Kc6 {(00:
02} 98. Rb8 {(00:34} Kc7 {(00:05} 99. Rb7+ {(00:32}
Kc6 {(00:03} 100. Rb8 {(00:05} Kc7 {(00:03} 101. Rb7+ {
(00:23} Kc6 {(00:01} 1/2-1/2

[Event "42nd Olympiad Baku 2016 Women"]
[Site "Baku"]
[Date "2016.09.08"]
[Round "6.15"]
[White "Gonzalez, Yaribeth"]
[Black "Nomalungelo, Mathe"]
[Result "0-1"]
[ECO "C00"]
[WhiteElo "1826"]
[BlackElo "1574"]
[Annotator ""]
[PlyCount "96"]
[EventDate "2016.??.??"]
[EventType "team-tourn"]
[EventCountry "AZE"]
[SourceTitle "playchess.com"]
[Source "ChessBase"]
[WhiteTeam "Panama"]
[BlackTeam "Zimbabwe"]
[WhiteTeamCountry "PAN"]
[BlackTeamCountry "ZIM"]
[TimeControl "40/5400+30:1800+30"]

1. e4 {(00:00} e6 {(00:00} 2. Nf3 {(00:00} d5 {(
00:00} 3. exd5 {(00:00} exd5 {(00:18} 4. d4 {(00:00}
Bg4 {(00:38} 5. Be2 {(00:12} Nf6 {(01:29} 6. Ne5 {
(00:45} Bxe2 {(01:30} 7. Qxe2 {(00:04} Be7 {(00:
36} 8. Qb5+ {(02:20} Nbd7 {(01:57} 9. Qxb7 {(01:55}
O-O {(02:25} 10. Nc6 {(05:16} Qe8 {(00:46} 11. O-O {
(00:13} Bd6 {(03:25} 12. Nd2 {(04:28} Nb6 {(07:
01} 13. Nf3 {(04:09} Qe4 {(09:22} 14. c3 {(09:23} Rfe8
{(04:20} 15. Bg5 {(05:54} Qc2 {(05:35} 16. Bxf6 {
(01:28} gxf6 {(00:17} 17. Rab1 {(01:22} Kh8 {(
00:37} 18. Nb4 {(00:29} Qf5 {(02:19} 19. Qa6 {(04:57}
Rg8 {(02:41} 20. Qd3 {(01:24} Qg4 {(01:29} 21. g3 {
(06:56} Rg6 {(11:29} 22. Nd2 {(07:40} h5 {(06:
23} 23. Qf3 {(00:27} Qg5 {(00:49} 24. Rfd1 {(07:40} h4
{(08:17} 25. Nc2 {(24:24} Rag8 {(01:24} 26. Nf1 {
(04:48} Nc8 {(01:25} 27. Nce3 {(03:59} Ne7 {(00:
01} 28. Kg2 {(01:02} f5 {(02:36} 29. Nxd5 {(00:44} f4
{(02:42} 30. Nxe7 {(00:23} Bxe7 {(00:51} 31. Nd2 {
(00:51} f5 {(00:58} 32. Nc4 {(00:50} fxg3 {(02:
41} 33. hxg3 {(00:02} f4 {(00:51} 34. Ne5 {(01:07}
R6g7 {(00:47} 35. Rh1 {(00:31} fxg3 {(01:39} 36. Kh3 {
(01:37} Rf8 {(01:48} 37. Qg4 {(00:35} Qh6 {(05:
13} 38. Ng6+ {(00:32} Qxg6 {(02:24} 39. Qxg6 {(00:02}
Rxg6 {(00:11} 40. Kg2 {(00:00} Rxf2+ {(00:00} 41. Kg1 {
(01:13} Re6 {(01:20} 42. Rf1 {(01:17} Ree2 {(00:
29} 43. Rh3 Rxb2 {(00:37} 44. Re1 {(02:27} Rxa2 {(01:
37} 45. c4 {(00:13} Rac2 {(02:22} 46. c5 {(02:40} Rcd2
{(00:14} 47. Rf1 {(00:44} Kg7 {(01:50} 48. Re1 {
(03:18} Kf7 {(00:24} 0-1

[Event "42nd Olympiad Baku 2016 Women"]
[Site "Baku"]
[Date "2016.09.08"]
[Round "6.30"]
[White "Granados Diaz, Maria Esther"]
[Black "Arbona Avila, Zaily M"]
[Result "1-0"]
[ECO "B07"]
[WhiteElo "1831"]
[BlackElo "1535"]
[Annotator ""]
[PlyCount "61"]
[EventDate "2016.??.??"]
[EventType "team-tourn"]
[EventCountry "AZE"]
[SourceTitle "playchess.com"]
[Source "ChessBase"]
[WhiteTeam "Nicaragua"]
[BlackTeam "ARU"]
[WhiteTeamCountry "NCA"]
[TimeControl "40/5400+30:1800+30"]

1. e4 {(00:00} d6 {(00:00} 2. d4 {(00:00} Nf6 {(
00:00} 3. Nc3 {(00:00} g6 {(00:01} 4. h3 {(01:12} Bg7
{(00:13} 5. Be3 {(00:11} O-O {(00:20} 6. Qd2 {(
00:10} e5 {(03:19} 7. O-O-O {(01:04} Nc6 {(01:41} 8.
Nf3 {(01:22} Re8 {(02:48} 9. Bb5 {(07:09} Bd7 {(
01:23} 10. dxe5 {(32:51} dxe5 {(04:00} 11. Bg5 {(03:54]
} Nd4 {(13:07} 12. Nxd4 {(05:34} exd4 {(02:00} 13. Qxd4
{(00:11} Bxb5 {(12:06} 14. Qxd8 {(01:30} Raxd8 {
(03:27} 15. Rxd8 {(00:18} Rxd8 16. Nxb5 c6 {(11:41} 17.
Nc3 {(00:41} Rd7 {(08:15} 18. Be3 {(05:07} b6 {(
02:42} 19. f3 {(01:35} h6 {(02:51} 20. Rd1 {(00:15}
Re7 {(04:06} 21. Rd8+ {(00:49} Kh7 {(03:14} 22. Rc8 {
(00:23} c5 {(01:25} 23. Nb5 {(00:55} Ne8 {(04:
54} 24. Ra8 {(02:38} f5 {(02:31} 25. Rxa7 {(00:34} Re6
{(01:12} 26. Bd2 {(11:20} fxe4 {(00:38} 27. fxe4 {
(06:31} Rxe4 {(00:16} 28. Bc3 {(00:25} Rf4 {(04:
31} 29. Nd6 {(01:42} Rf1+ {(02:30} 30. Kd2 {(00:07}
Nf6 {(01:12} 31. Ke2 {(01:44} 1-0

[Event "42nd Olympiad Baku 2016 Women"]
[Site "Baku"]
[Date "2016.09.08"]
[Round "6.13"]
[White "Guerrero Rodriguez, Alejandra"]
[Black "Frayna, Janelle Mae"]
[Result "0-1"]
[ECO "C91"]
[WhiteElo "2043"]
[BlackElo "2281"]
[Annotator ""]
[PlyCount "80"]
[EventDate "2016.??.??"]
[EventType "team-tourn"]
[EventCountry "AZE"]
[SourceTitle "playchess.com"]
[Source "ChessBase"]
[WhiteTeam "Mexico"]
[BlackTeam "Philippines"]
[WhiteTeamCountry "MEX"]
[BlackTeamCountry "PHI"]
[TimeControl "40/5400+30:1800+30"]

1. e4 {(00:00} e5 {(00:17} 2. Nf3 {(00:07} Nc6 {
(00:34} 3. Bb5 {(00:09} a6 {(00:11} 4. Ba4 {(00:
06} Nf6 {(00:13} 5. O-O {(00:23} Be7 {(00:40} 6. Re1 {
(00:42} b5 {(02:15} 7. Bb3 {(00:10} d6 {(00:21}
8. c3 {(01:18} O-O {(01:42} 9. d4 {(00:28} Bg4 {
(12:16} 10. Be3 {(01:14} exd4 {(07:40} 11. cxd4 {
(00:50} Na5 {(01:38} 12. Bc2 {(02:10} Nc4 {(01:
53} 13. Bc1 {(03:12} c5 {(00:15} 14. b3 {(06:41} Nb6 {
(00:12} 15. Nbd2 {(04:22} Qc7 {(07:52} 16. h3 {(
05:46} Bh5 {(00:15} 17. Bb2 {(01:58} Rfe8 {(09:41} 18.
Rc1 {(02:18} Nfd7 {(03:07} 19. Nf1 {(02:33} Bf6 {
(03:27} 20. e5 {(06:30} dxe5 {(06:13} 21. dxc5 {
(02:11} Nxc5 {(06:11} 22. b4 {(01:44} Nc4 {(00:
18} 23. Qe2 {(15:15} Ne6 {(05:53} 24. Be4 {(05:18}
Rac8 {(01:01} 25. Ne3 {(01:55} Nd4 {(05:30} 26. Bxd4 {
(02:08} exd4 {(00:02} 27. Nd5 {(00:08} Qd6 {(00:
16} 28. Qd3 {(00:46} Bxf3 {(04:45} 29. Qxf3 {(03:33}
Be5 {(03:41} 30. Qh5 {(04:24} g6 {(00:45} 31. Qh4 {
(00:20} Rcd8 {(03:10} 32. Rcd1 {(02:03} Bg7 {(
00:49} 33. Bf3 {(09:34} Ne5 {(01:45} 34. Be4 {(07:49}
f5 {(02:23} 35. f4 {(02:33} fxe4 {(00:39} 36. fxe5 {
(00:54} Qxd5 {(00:10} 37. Rxe4 {(00:27} d3 {(02:
15} 38. e6 {(01:42} d2 {(01:27} 39. Qf4 {(01:50} Rxe6
{(01:28} 40. Rxd2 {(00:00} Qxd2 {(00:00} 0-1

[Event "42nd Olympiad Baku 2016 Women"]
[Site "Baku"]
[Date "2016.09.08"]
[Round "6.2"]
[White "Guindy, Esmat"]
[Black "Marrero Lopez, Yaniet"]
[Result "1-0"]
[ECO "A15"]
[WhiteElo "2149"]
[BlackElo "2281"]
[Annotator ""]
[PlyCount "63"]
[EventDate "2016.??.??"]
[EventType "team-tourn"]
[EventCountry "AZE"]
[SourceTitle "playchess.com"]
[Source "ChessBase"]
[WhiteTeam "Denmark"]
[BlackTeam "Cuba"]
[WhiteTeamCountry "DEN"]
[BlackTeamCountry "CUB"]
[TimeControl "40/5400+30:1800+30"]

1. c4 {(00:00} Nf6 {(00:00} 2. g3 {(00:00} c6 {(
00:10} 3. Bg2 {(02:17} d5 {(00:19} 4. Nf3 {(03:16}
Nbd7 {(01:26} 5. d4 {(03:56} e6 {(00:41} 6. O-O {
(01:25} Bd6 {(00:40} 7. b3 {(05:42} O-O {(01:06]
} 8. Bb2 {(01:55} Qc7 {(03:53} 9. Nc3 {(03:00} dxc4 {
(01:54} 10. bxc4 {(02:39} e5 {(04:08} 11. d5 {(
09:14} Nc5 {(10:50} 12. Qc2 {(07:19} Ne8 {(13:06} 13.
Ng5 {(06:04} f5 {(02:25} 14. dxc6 {(00:12} bxc6 {
(00:57} 15. Nb5 {(01:25} cxb5 {(14:23} 16. Bxa8 {
(02:29} Nb7 {(00:28} 17. c5 {(02:51} Nxc5 {(03:
34} 18. Ba3 {(04:38} Qe7 {(06:58} 19. Bxc5 {(02:56}
Bxc5 {(00:16} 20. Bd5+ {(00:08} Kh8 {(00:40} 21. Nf7+ {
(00:52} Rxf7 {(13:56} 22. Bxf7 {(00:08} Nc7 {(
01:26} 23. Rac1 {(03:20} Bb6 {(00:38} 24. Rfd1 {(03:29]
} f4 {(09:54} 25. Bd5 {(05:56} Bd7 {(03:48} 26. Bb3 {
(03:37} Bh3 {(03:12} 27. Qd3 {(02:22} Na6 {(01:
45} 28. Qd5 {(04:38} Qf8 {(00:51} 29. Qf7 {(00:37} Qb8
{(00:32} 30. Rc3 {(06:20} Nc5 {(00:28} 31. gxf4 {
(02:03} Bg4 {(00:33} 32. Rg3 {(00:56} 1-0

[Event "42nd Olympiad Baku 2016 Women"]
[Site "Baku"]
[Date "2016.09.08"]
[Round "6.2"]
[White "Gunina, Valentina"]
[Black "Muzychuk, Mariya"]
[Result "1/2-1/2"]
[ECO "D70"]
[WhiteElo "2520"]
[BlackElo "2539"]
[Annotator ""]
[PlyCount "81"]
[EventDate "2016.??.??"]
[EventType "team-tourn"]
[EventCountry "AZE"]
[SourceTitle "playchess.com"]
[Source "ChessBase"]
[WhiteTeam "Russia"]
[BlackTeam "Ukraine"]
[WhiteTeamCountry "RUS"]
[BlackTeamCountry "UKR"]
[TimeControl "40/5400+30:1800+30"]

1. d4 {(00:00} Nf6 {(00:00} 2. c4 {(00:00} g6 {(
00:00} 3. f3 {(00:12} d5 {(00:00} 4. cxd5 {(00:19}
Nxd5 {(00:05} 5. e4 {(00:22} Nb6 {(00:05} 6. Nc3 {
(00:40} Bg7 {(00:09} 7. Be3 {(00:08} Nc6 {(00:
09} 8. d5 {(05:55} Ne5 {(00:10} 9. f4 {(01:16} Ng4 {
(00:19} 10. Bb5+ {(20:04} Bd7 {(00:14} 11. Qxg4 {
(01:59} Bxc3+ {(00:36} 12. bxc3 {(00:04} Bxb5 {(
00:03} 13. Bd4 {(02:36} Rf8 {(02:12} 14. f5 {(09:33}
Qd7 {(05:03} 15. Nf3 {(05:06} gxf5 {(01:20} 16. exf5 {
(03:50} Bd3 {(15:05} 17. Qg3 {(13:42} Qxf5 {(09:
43} 18. Ne5 {(07:26} Ba6 {(03:48} 19. O-O-O {(09:40}
Nxd5 {(01:58} 20. c4 {(08:07} Nb4 {(17:48} 21. Qb3 {
(00:51} f6 {(16:59} 22. Nf3 {(07:53} Nc6 {(01:
36} 23. Be3 {(00:27} Qg4 {(09:25} 24. Nd4 {(00:45} Ne5
{(01:17} 25. h3 {(00:52} Qg8 {(00:42} 26. Qa4+ {
(00:28} c6 {(00:32} 27. Bh6 {(00:31} Bxc4 {(08:
28} 28. Rhe1 {(00:28} Bxa2 {(01:45} 29. Kb2 {(00:37}
Bd5 {(00:48} 30. g4 {(00:20} Rf7 {(01:44} 31. g5 {
(00:44} Qg6 {(00:28} 32. Ka1 {(00:04} Nd3 {(00:
55} 33. Re6 {(00:55} Nc5 {(00:29} 34. Qb4 {(00:19}
Nxe6 {(01:48} 35. Qxb7 {(00:32} Rd8 {(00:09} 36. Nxe6 {
(00:37} Bxe6 {(01:25} 37. Qxc6+ {(00:08} Bd7 {(
00:18} 38. Rxd7 {(00:03} Rxd7 {(00:44} 39. Qc8+ {(00:
07} Rd8 {(00:03} 40. Qc6+ {(00:00} Rd7 {(00:00} 41.
Qc8+ {(00:08} 1/2-1/2

[Event "42nd Olympiad Baku 2016 Women"]
[Site "Baku"]
[Date "2016.09.08"]
[Round "6.8"]
[White "Guo, Qi"]
[Black "Bulmaga, Irina"]
[Result "1-0"]
[ECO "D55"]
[WhiteElo "2417"]
[BlackElo "2395"]
[Annotator ""]
[PlyCount "57"]
[EventDate "2016.??.??"]
[EventType "team-tourn"]
[EventCountry "AZE"]
[SourceTitle "playchess.com"]
[Source "ChessBase"]
[WhiteTeam "China"]
[BlackTeam "Romania"]
[WhiteTeamCountry "CHN"]
[BlackTeamCountry "ROU"]
[TimeControl "40/5400+30:1800+30"]

1. d4 {(00:00} Nf6 {(00:00} 2. Nf3 {(00:00} e6 {
(00:00} 3. c4 {(00:00} d5 {(00:00} 4. Nc3 {(00:
51} Be7 {(00:00} 5. Bg5 {(01:49} h6 {(00:05} 6. Bxf6 {
(00:25} Bxf6 {(00:07} 7. e3 {(00:08} O-O {(00:
07} 8. Rc1 {(01:42} c6 {(00:08} 9. Bd3 {(00:16} Nd7 {
(00:24} 10. O-O {(00:28} dxc4 {(00:05} 11. Bxc4 {
(00:10} e5 {(00:11} 12. Ne4 {(01:40} exd4 {(01:
30} 13. Nxd4 {(00:10} Qe7 {(09:19} 14. Nxf6+ {(10:21}
Nxf6 {(00:21} 15. Qb3 {(00:28} c5 {(16:26} 16. Ne2 {
(04:36} b6 {(02:57} 17. Rfd1 {(08:16} Bb7 {(07:
57} 18. Nf4 {(06:59} Rfd8 {(05:21} 19. f3 {(14:52} Bc6
{(11:54} 20. e4 {(05:33} b5 {(02:45} 21. Ng6 {(
04:50} Qe8 {(13:37} 22. Bxf7+ {(03:21} Qxf7 {(00:06}
23. Qxf7+ {(00:07} Kxf7 {(00:03} 24. Ne5+ {(00:56} Ke8
{(08:15} 25. Rxd8+ {(02:55} Kxd8 {(05:33} 26. Nxc6+ {
(00:19} Kc7 {(00:13} 27. Rxc5 {(00:39} Kb6 {(00:
11} 28. Rc2 {(00:05} Rc8 {(02:54} 29. Nd4 {(01:05} 1-0

[Event "42nd Olympiad Baku 2016 Women"]
[Site "Baku"]
[Date "2016.09.08"]
[Round "6.20"]
[White "Hakimifard, Ghazal"]
[Black "Narva, Triin"]
[Result "0-1"]
[ECO "C41"]
[WhiteElo "2308"]
[BlackElo "2023"]
[Annotator ""]
[PlyCount "208"]
[EventDate "2016.??.??"]
[EventType "team-tourn"]
[EventCountry "AZE"]
[SourceTitle "playchess.com"]
[Source "ChessBase"]
[WhiteTeam "Iran"]
[BlackTeam "Estonia"]
[WhiteTeamCountry "IRI"]
[BlackTeamCountry "EST"]
[TimeControl "40/5400+30:1800+30"]

1. e4 {(00:00} d6 {(00:00} 2. d4 {(00:00} Nf6 {(
00:00} 3. Nc3 {(00:00} e5 {(00:22} 4. Nf3 {(00:00}
Nbd7 {(00:19} 5. Bc4 {(00:21} Be7 {(00:11} 6. O-O {
(00:17} O-O {(00:08} 7. Re1 {(00:49} c6 {(00:24]
} 8. a4 {(01:25} a5 {(02:56} 9. b3 {(05:15} exd4 {
(04:58} 10. Nxd4 {(07:16} Nb6 {(01:23} 11. Bf1 {
(00:15} Re8 {(04:27} 12. Qd3 {(03:41} Qc7 {(04:
05} 13. Qg3 {(05:11} Nh5 {(04:51} 14. Qf3 {(00:10} g6
{(03:48} 15. Bh6 {(03:55} Bf6 {(20:02} 16. Rad1 {
(02:10} Nd7 {(09:46} 17. h3 {(01:15} Qb6 {(10:
56} 18. Be3 {(10:49} Qd8 {(09:49} 19. g4 {(07:14} Ng7
{(01:33} 20. Qg3 {(00:30} Ne5 {(14:04} 21. Re2 {
(11:32} Bh4 {(05:08} 22. Qg2 {(00:27} g5 {(01:
05} 23. Red2 {(03:26} Ne6 {(00:39} 24. Nf5 Nf4 {(00:34]
} 25. Bxf4 {(00:37} gxf4 {(00:27} 26. Nxd6 {(02:59} Bd7
{(00:33} 27. Nc4 {(02:37} Qf6 {(00:27} 28. g5 {(
06:43} Qg7 {(00:33} 29. Kh1 {(00:52} Be6 {(00:22} 30.
Nd6 {(00:42} Rf8 {(00:37} 31. Be2 {(00:44} Kh8 {
(00:30} 32. Nxb7 {(02:30} Qxg5 {(00:23} 33. Qxg5 {
(04:57} Bxg5 {(00:04} 34. Rg1 {(00:02} Bh4 {(00:
47} 35. Bh5 {(06:22} Bxh3 {(00:43} 36. Kh2 {(00:04}
Be6 {(00:23} 37. Nc5 {(01:29} Rad8 {(00:39} 38. Rgd1 {
(02:05} Rxd2 {(00:29} 39. Rxd2 {(00:01} Rg8 {(
00:34} 40. Nxe6 {(00:00} fxe6 {(00:00} 41. Kh3 {(02:40]
} Bxf2 {(04:53} 42. Rxf2 {(01:14} Rg3+ {(00:04} 43. Kh4
{(01:17} Rxc3 {(00:07} 44. Rxf4 {(01:26} Rxc2 {(
06:53} 45. Rf6 {(00:30} Kg7 {(00:52} 46. Rxe6 {(03:17}
Rh2+ {(02:54} 47. Kg5 {(00:06} h6+ {(01:13} 48. Kf4 {
(00:08} Nd3+ {(04:10} 49. Ke3 {(00:29} Rh3+ {(
00:53} 50. Kd2 {(00:33} Nc5 {(01:07} 51. Re5 {(02:19}
Nxb3+ {(04:40} 52. Ke2 {(03:10} Kf6 {(05:56} 53. Rf5+ {
(00:05} Ke7 {(00:14} 54. Kf2 {(02:10} Rc3 {(03:
03} 55. Bd1 {(04:12} Nc5 {(00:34} 56. e5 {(00:47} Ke6
{(00:44} 57. Rh5 {(00:42} Nd3+ {(00:15} 58. Ke2 {
(03:36} Nxe5 {(00:51} 59. Rxh6+ {(00:11} Kd5 {(
00:09} 60. Kd2 {(00:21} Rg3 {(00:53} 61. Rh5 {(01:03}
c5 {(00:24} 62. Be2 {(00:51} Ra3 {(00:40} 63. Bb5 {
(00:01} Rg3 {(00:30} 64. Be2 {(00:25} Ra3 {(00:
31} 65. Bb5 {(00:01} Rf3 {(00:22} 66. Be2 {(00:28} Rf4
{(00:34} 67. Bd1 {(01:48} Kd4 {(00:18} 68. Rh8 {
(00:50} Nc4+ {(00:19} 69. Ke2 {(02:32} Kc3 {(00:
53} 70. Rb8 {(00:19} Nd6 {(00:33} 71. Rb3+ {(00:31}
Kc4 {(00:15} 72. Rb8 {(01:26} Rh4 {(00:36} 73. Kd2 {
(00:07} Rh2+ {(00:31} 74. Be2+ {(02:00} Kd5 {(
00:31} 75. Ke3 {(00:22} c4 {(00:31} 76. Ra8 {(02:27}
Nf5+ {(00:34} 77. Kd2 {(01:43} Ng3 {(00:29} 78. Rd8+ {
(00:49} Kc6 {(00:28} 79. Rc8+ {(00:22} Kd7 {(00:
23} 80. Rxc4 {(00:54} Rxe2+ {(00:11} 81. Kc3 {(00:02}
Re5 {(01:00} 82. Rg4 {(00:15} Nf5 {(00:20} 83. Rg6 {
(00:43} Nd6 {(00:31} 84. Kd4 {(00:20} Rh5 {(00:
13} 85. Kc3 {(02:25} Kc6 {(00:25} 86. Rg1 {(01:30}
Rh3+ {(00:14} 87. Kc2 {(00:03} Kc5 {(00:41} 88. Rg6 {
(02:22} Nc4 {(00:46} 89. Rg8 {(00:53} Kb4 {(00:
22} 90. Rg4 {(00:29} Rc3+ {(00:06} 91. Kb1 {(00:05}
Kb3 {(00:33} 92. Rg1 {(00:08} Kxa4 {(00:52} 93. Ka1 {
(00:01} Ka3 {(00:34} 94. Rd1 {(00:15} a4 {(00:
33} 95. Kb1 {(00:01} Kb3 {(00:24} 96. Rh1 {(00:10}
Nd2+ {(00:48} 97. Ka1 {(00:02} a3 {(00:38} 98. Rg1 {
(00:14} Nc4 {(00:30} 99. Rh1 {(00:12} Ne3 {(00:
23} 100. Rb1+ {(00:07} Ka4 {(00:19} 101. Rh1 {(00:42}
Rd3 {(00:28} 102. Rh8 {(00:57} Nc2+ {(00:35} 103. Kb1 {
(00:15} Nb4 {(00:20} 104. Rh1 {(00:27} Rb3+ {(
00:20} 0-1

[Event "42nd Olympiad Baku 2016 Women"]
[Site "Baku"]
[Date "2016.09.08"]
[Round "6.27"]
[White "Hamza, Amira"]
[Black "Hotami, Mutriba"]
[Result "1-0"]
[ECO "A48"]
[WhiteElo "1918"]
[BlackElo "1735"]
[Annotator ""]
[PlyCount "107"]
[EventDate "2016.??.??"]
[EventType "team-tourn"]
[EventCountry "AZE"]
[SourceTitle "playchess.com"]
[Source "ChessBase"]
[WhiteTeam "Algeria"]
[BlackTeam "Tajikistan"]
[WhiteTeamCountry "ALG"]
[BlackTeamCountry "TJK"]
[TimeControl "40/5400+30:1800+30"]

1. d4 {(00:00} Nf6 {(00:00} 2. Nf3 {(00:05} g6 {
(00:23} 3. Nbd2 {(00:26} Bg7 {(00:48} 4. e4 {(
00:09} d6 {(00:08} 5. Be2 {(00:32} Nbd7 {(01:01} 6. c3
{(00:37} c5 {(00:49} 7. e5 {(06:40} dxe5 {(09:
53} 8. dxe5 {(00:37} Nd5 {(00:44} 9. Nc4 {(15:18} Nc7
{(06:37} 10. Bg5 {(12:48} O-O {(01:42} 11. a4 {(
02:40} Ne6 {(03:50} 12. Bh4 {(02:11} Nf4 {(11:32} 13.
O-O {(04:45} Nb6 {(05:54} 14. Nxb6 {(08:46} axb6 {
(12:32} 15. Bb5 {(08:26} Qc7 {(03:42} 16. Qe1 {(
07:28} Rd8 {(13:04} 17. Qe4 {(02:37} Nd5 {(03:32} 18.
e6 {(05:15} Bxe6 {(03:38} 19. Bg3 {(06:06} Qc8 {
(00:11} 20. Ng5 {(00:40} Bf5 {(03:25} 21. Qf3 {(
01:42} Nf6 {(03:24} 22. Qe2 {(06:26} e6 {(02:14} 23.
f3 {(00:29} h6 {(09:01} 24. Ne4 {(00:14} Bxe4 {(
00:41} 25. fxe4 {(00:20} Nd7 {(01:14} 26. Qf3 {(00:51}
f6 {(01:17} 27. Rad1 {(01:05} Nf8 {(00:50} 28. Rxd8 {
(00:23} Qxd8 {(00:06} 29. Rd1 {(00:17} Qe7 {(01:
06} 30. Rd6 {(00:28} e5 {(00:38} 31. Qd1 {(02:13} Qc7
{(00:41} 32. Bc4+ {(00:15} Kh7 {(00:24} 33. Qd5 {
(00:19} h5 {(00:49} 34. b3 {(00:29} Re8 {(00:34]
} 35. Bf2 {(00:21} Rc8 {(00:31} 36. Be3 {(00:21} g5 {
(00:31} 37. Bxg5 {(01:42} Ng6 {(00:29} 38. Rd7 {
(02:02} fxg5 {(00:30} 39. Rxc7 {(00:30} Rxc7 {(
00:03} 40. Qd8 {(00:00} Rc6 {(00:00} 41. Qxg5 {(01:47}
Nf4 {(01:20} 42. Qf5+ {(02:02} Kh6 {(01:26} 43. g3 {
(00:32} Rg6 {(04:08} 44. Kh1 {(01:17} Rg5 {(01:
41} 45. Qd7 {(01:17} Ng6 {(00:35} 46. Qxb7 {(04:53} h4
{(00:30} 47. Qxb6 {(01:27} hxg3 {(00:38} 48. hxg3 {
(00:09} Rxg3 {(00:46} 49. Bf7 {(00:13} Bf8 {(00:
49} 50. Qe6 {(04:50} Bg7 {(04:36} 51. a5 {(00:48} Kh7
{(00:28} 52. Bxg6+ {(00:07} Rxg6 {(00:11} 53. Qxg6+ {
(00:24} Kxg6 {(00:11} 54. a6 {(00:03} 1-0